 Dungeon Crawl Stone Soup version 0.24-a0-29-g43a6aff (webtiles) character file.

Game seed: 17326887169185398670

58 Ereth the Shield-Bearer (level 3, -3/36 HPs)
             Began as a Troll Fighter on Feb 2, 2019.
             Killed by divine providence
             ... invoked by an orc priest
              (9 damage)
             ... on level 3 of the Dungeon.
             The game lasted 00:03:28 (1701 turns).

Ereth the Shield-Bearer (Troll Fighter)             Turns: 1701, Time: 00:03:29

Health: -3/36      AC:  6    Str: 25    XL:     3   Next: 75%
Magic:  2/2        EV:  8    Int:  4    God:
Gold:   85         SH:  9    Dex:  9    Spells: 2/2 levels left

rFire    . . .     SeeInvis .   a - +1 flail
rCold    . . .     Gourm    +   c - +0 shield
rNeg     . . .     Faith    .   b - +0 robe
rPois    .         Spirit   .   (helmet restricted)
rElec    .         Reflect  .   (no cloak)
rCorr    .         Harm     .   (gloves unavailable)
MR       .....                  (boots unavailable)
Stlth    +.........             (no amulet)
HPRegen  0.52/turn              (no ring)
MPRegen  0.08/turn              (no ring)

@: about to teleport
A: large, unfitting armour, claws 3, fast metabolism 3, gourmand, regeneration
1, shaggy fur 1, tough skin 3
a: no special abilities


You were on level 3 of the Dungeon.
You were completely stuffed.

You visited 1 branch of the dungeon, and saw 3 of its levels.

You collected 85 gold pieces.

Inventory:

Hand Weapons
 a - a +1 flail (weapon)
 i - a cursed -2 whip
Armour
 b - a +0 robe (worn)
 c - a +0 shield (worn)
Scrolls
 j - a scroll of teleportation
Potions
 d - a potion of might
 e - a potion of heal wounds
 g - 3 potions of lignification
 h - a potion of magic {unknown}
 k - a potion of berserk rage {unknown}
 l - a potion of haste {unknown}
 m - a potion of degeneration {unknown}
Comestibles
 f - 11 rations


   Skills:
 + Level 2.7 Fighting
 + Level 2.5 Maces & Flails
 + Level 2.8 Dodging
 + Level 2.9 Shields


You had 2 spell levels left.
You didn't know any spells.
Your spell library was empty.

Dungeon Overview and Level Annotations

Branches:
Dungeon (3/15)

Altars:
Kikubaaqudgha
Trog
The Shining One


Innate Abilities, Weirdness & Mutations

You are too large for most types of armour.
You have claws for hands.
Your metabolism is lightning-fast.
You like to eat raw meat.
Your natural rate of healing is unusually fast.
You are covered in fur. (AC +1)
You have extremely tough skin. (AC +3)


Message History

The orc hits you.
The orc wizard hits you but does no damage.
You hit the orc but do no damage.
The orc is almost dead.
An orc priest comes into view. It is wielding a +0 mace.
You block the orc's attack.
The orc priest calls down the wrath of Beogh upon you.
Beogh smites you!
* * * LOW HITPOINT WARNING * * *
The orc priest shouts!
You barely miss the orc.
The orc is almost dead.
You block the orc's attack.
The orc wizard hits you with a +0 dagger.
* * * LOW HITPOINT WARNING * * *
As you read the scroll of teleportation, it crumbles to dust.
You feel strangely unstable.
The orc priest mumbles some strange prayers to Beogh against you.
Beogh smites you!
You die...

###..#.# ..
#..#.# ..
###..#.# ...
#....#.# ..#
#.#....#
####o.#
#.(..###
##..... ####.#
.oo.
#.###########o#
#...........o@#
###############


You could see 2 orc priests, an orc wizard and 2 orcs.

Vanquished Creatures
  An adder (D:2)
  2 oozes
  3 giant cockroaches
  6 hobgoblins
  4 jackals (D:1)
  2 bats (D:1)
  4 frilled lizards (D:1)
  8 goblins
  4 kobolds
  4 rats
38 creatures vanquished.

Notes
Turn   | Place    | Note
-------+----------+-------------------------------------------
     0 | D:1      | Ereth the Troll Fighter began the quest for the Orb.
     0 | D:1      | Reached XP level 1. HP: 22/22 MP: 0/0
   139 | D:1      | Reached XP level 2. HP: 29/29 MP: 1/1
   558 | D:1      | Reached XP level 3. HP: 36/36 MP: 2/2
   985 | D:2      | Found a bloodstained altar of Trog.
   985 | D:2      | Found an ancient bone altar of Kikubaaqudgha.
   985 | D:2      | Found a glowing golden altar of the Shining One.
  1701 | D:3      | Killed from afar by an orc priest

Vault maps used:
D:1:      ebering_trefoil_twist
D:2:      grunt_temple_overflow_open
D:3:      dancing_weapons_uskayaw, uniq_jessica

Skill      XL: |  1  2 |
---------------+-------+-----
Maces & Flails | 2 |  2.5
Fighting       | |  2.7
Dodging        | |  2.8
Shields        | |  2.9

Action                   || total
-------------------------++-------
Melee: Flail             ||   148
  Use: Scroll            ||    10
 Stab: Sleeping          ||     1
  Eat: Chunk             ||    22
Armor: Robe              ||    77
Dodge: Dodged            ||    50
Block: Shield            ||    95

Table legend:
 A = Non-vault XP
 B = Vault XP
 C = Vault XP percentage of total XP
 D = Non-vault monster count
 E = Vault monster count
 F = Vault count percentage of total count
                 A         B        C        D         E       F
            +---------+---------+-------+---------+---------+-------
      Total |      83 |       0 |   0.0 |      38 |       0 |   0.0
            +---------+---------+-------+---------+---------+-------
        D:1 |      42 |       0 |   0.0 |      24 |       0 |   0.0
        D:2 |      36 |       0 |   0.0 |      11 |       0 |   0.0
        D:3 |       5 |       0 |   0.0 |       3 |       0 |   0.0
            +---------+---------+-------+---------+---------+-------
